Bacon, neutral female human Monk ..............................)............... ..............E..................... .......................... ....................- .....^..............| .........(..........| ..........%.........| .........X..........| ......df@.........--- .......%..........+ ..................+ ..................- ....................| ....................| ....................| .......)............| ....................- ..................... ....................... ......................... Bacon the Student of Stones Experience level: 11 Strength: 25 Dexterity: 15 Constitution: 16 Intelligence: 7 Wisdom: 11 Charisma: 9 Health: 0(73) Energy: 50(65) Def: 5 Gold: 528 Moves: 13299 Dungeon seed: Mgmq9_8iuYjDVzFV Game ID: Bacon_1511975908 Your Inventory: Coins $ - 528 gold pieces Amulets L - an uncursed amulet of ESP Weapons k - 9 uncursed +0 shuriken (in quiver) P - 8 uncursed +0 silver arrows Armor e - an uncursed burnt +0 pair of low boots (being worn) n - a blessed +2 robe (being worn) y - an uncursed very rusty corroded +1 pair of gauntlets of power (being worn) Comestibles d - 8 uncursed food rations f - an uncursed lizard corpse g - 5 uncursed oranges C - 9 uncursed lumps of royal jelly M - 3 uncursed melons Scrolls h - an uncursed scroll of fire l - an uncursed scroll of magic mapping q - an uncursed scroll of water s - a blessed scroll of fire x - a blessed scroll of remove curse D - an uncursed scroll of create monster I - 2 uncursed scrolls of genocide S - a cursed scroll of blank paper W - 2 uncursed scrolls of blank paper Spellbooks a - a blessed spellbook of healing i - an uncursed spellbook of blank paper t - an uncursed spellbook of force bolt Potions c - 5 uncursed potions of healing p - a potion of holy water v - 2 uncursed potions of object detection A - an uncursed potion of gain level G - a cursed potion of full healing H - an uncursed potion of gain energy K - a cursed potion of extra healing O - an uncursed potion of water X - an uncursed potion of hallucination Z - an uncursed potion of restore ability Rings T - a blessed +1 ring of gain strength Wands u - an uncursed wand of speed monster (0:3) J - a blessed wand of slow monster (0:5) N - an uncursed wand of striking (0:3) Tools j - an uncursed oil lamp (0:960) w - an uncursed +0 unicorn horn z - an uncursed magic whistle E - an uncursed towel Q - an uncursed bag of holding R - an uncursed stethoscope U - an uncursed -1 unicorn horn V - an uncursed skeleton key Gems o - an uncursed luckstone r - an uncursed worthless piece of blue glass Contents of the bag of holding: 10075 gold pieces Spells and supernatural/magical abilities: Name Level Category Fail Memory a - force bolt 1 attack 0% 46% h - healing 1 healing 0% 99% k - knock 1 matter 0% 46% l - light 1 divination 0% 36% w - wizard lock 2 matter 29% 46% K - cure sickness 3 healing 3% 46% W - pray for help -- divine ? -- Your skills at the end: Miscellaneous Skills martial arts [Expert] wands [Basic] stealth [Skilled] Weapon Skills shuriken [Basic] Spellcasting Skills attack spells [Basic] healing spells [Basic] divination spells [Basic] Final Attributes: You had sinned. You were fire resistant. You were cold resistant. You were sleep resistant. You were poison resistant. Your writing hand was cramped from overuse. You saw invisible. You were telepathic. You were warned. You had automatic searching. You were stealthy. You were fast. You were very unlucky. You had extra luck. Bad luck did not time out for you. Good luck did not time out for you. Chih Sung-tzu was angry with you. You are dead (2nd time!). Vanquished creatures: an aligned priest a black pudding 2 ghosts 2 queen bees 2 giant mimics a flesh golem 4 large mimics a wumpus 3 stalkers a fire elemental an earth elemental a hill giant an elf-lord 2 xorns a winter wolf a quantum mechanic 2 small mimics an ogre lord a troll a wood golem a large dog a tiger 2 tengu a gelatinous cube a leocrotta 5 giants 2 red nagas 2 pit vipers 2 wraiths 3 soldiers 3 giant beetles 6 wolves a gremlin 61 leprechauns a spotted jelly a lizard 2 orc-captains 2 giant spiders an ice vortex a forest centaur 3 gnome kings an orc mummy a dwarf mummy a rust monster 2 owlbears a yeti 3 gold golems a dingo a housecat 2 dwarf lords 3 blue jellies 2 water nymphs 2 white unicorns a black unicorn a dust vortex a plains centaur 2 snakes a human zombie a rope golem 7 soldier ants a fire ant a yellow light 3 imps 2 wood nymphs an orc shaman a rock mole 2 fog clouds 2 violet fungi 18 gnome lords 9 gnomish wizards a black naga hatchling 2 guardian naga hatchlings 2 gray oozes a barrow wight 4 elf zombies 2 ghouls a straw golem 2 paper golems 4 giant ants 3 puppies 3 floating eyes 21 dwarves 2 homunculi a kobold shaman 2 iguanas 10 hill orcs a rothe a rabid rat 2 centipedes 3 jitterbugs 3 giant bats a monkey 3 dwarf zombies 33 killer bees a coyote a gas spore 12 hobbits an acid blob 2 geckos 4 hobgoblins 2 giant rats 3 cave spiders 2 brown molds 2 yellow molds a green mold 2 red molds 74 gnomes 7 garter snakes 17 manes a gnome zombie 7 jackals a fox 3 kobolds 3 newts a goblin 13 grid bugs 2 bats 7 lichens 2 kobold zombies 485 creatures vanquished. Voluntary challenges: You had followed a strict vegetarian diet until turn 6531. You did not cause conflict. You were not invisible. You did not have reflection. You were not displaced. You had been an atheist until turn 2432. You never hit with a wielded weapon. You did not use plumbed fixtures. You read items or engraved 42 times, starting on turn 255. You never genocided any monsters. You polymorphed 1 item, starting on turn 4963. You never changed form. You cheated 32 times but completed Sokoban on turn 10631. You used no wishes. You never split a pudding. You wrote Elbereth's name 4 times, starting on turn 4930. You violated your moral code, losing 25 points of alignment, starting on turn 2441. Dungeon overview: The Dungeons of Doom: levels 1 to 15 Level 1 a fountain a long staircase Level 2 a fountain Level 3 Level 4 stairs to The Gnomish Mines Level 5 a fountain, a sink Level 6 Level 7 a fountain Level 8 many fountains Level 9 stairs to Sokoban Level 10 a fountain, a sink Level 11 Level 12 Level 13 an altar to Chih Sung-tzu Level 14 a fountain Level 15 portal to The Quest The Gnomish Mines: levels 5 to 13 Level 5 stairs to The Dungeons of Doom Level 6 Level 7 Level 8 many shops, some altars to Shan Lai Ching and Chih Sung-tzu, a magic chest, some fountains Level 9 Level 10 Level 11 Level 12 Level 13 a fountain The Quest: Level 1 <- You were here portal to The Dungeons of Doom Sokoban: levels 5 to 8 Level 5 a magic chest Level 6 a delicatessen, a magic chest Level 7 Level 8 a magic chest stairs to The Dungeons of Doom History has recorded: On T:1 you entered the Dungeons of Doom to retrieve the Amulet of Yendor! On T:195 you advanced to experience level 2. On T:201 you reached level 2 of The Dungeons of Doom. On T:463 you reached level 3 of The Dungeons of Doom. On T:719 you reached level 4 of The Dungeons of Doom. On T:842 you advanced to experience level 3. On T:877 you reached level 1 of The Gnomish Mines. On T:910 you advanced to experience level 4. On T:946 you advanced to experience level 5. On T:1119 you reached level 2 of The Gnomish Mines. On T:1197 you advanced to experience level 6. On T:1551 you reached level 3 of The Gnomish Mines. On T:1752 you advanced to experience level 7. On T:1837 you reached level 6 of The Gnomish Mines. On T:1928 you reached level 5 of The Gnomish Mines. On T:2100 you advanced to experience level 8. On T:2121 you reached level 4 of The Gnomish Mines. On T:2336 you entered the Minetown temple On T:2346 you opened a magic chest. On T:2438 you prayed to Chih Sung-tzu. On T:3039 you reached level 7 of The Gnomish Mines. On T:3266 you reached level 8 of The Gnomish Mines. On T:3473 you advanced to experience level 9. On T:3558 you reached level 9 of The Gnomish Mines. On T:3558 you reached the bottom of the Mines. On T:3798 you prayed to Chih Sung-tzu. On T:6777 you were saved from death by your amulet of life saving! On T:6805 you advanced to experience level 10. On T:7169 you reached level 5 of The Dungeons of Doom. On T:7525 you reached level 6 of The Dungeons of Doom. On T:7947 you reached level 7 of The Dungeons of Doom. On T:8181 you reached level 8 of The Dungeons of Doom. On T:8242 you received advice from The Oracle. On T:8242 you advanced to experience level 11. On T:8243 you received advice from The Oracle. On T:8243 you received advice from The Oracle. On T:8244 you received advice from The Oracle. On T:8244 you received advice from The Oracle. On T:8245 you received advice from The Oracle. On T:8246 you received advice from The Oracle. On T:8246 you received advice from The Oracle. On T:8247 you received advice from The Oracle. On T:8247 you received advice from The Oracle. On T:8248 you received advice from The Oracle. On T:8317 you reached level 9 of The Dungeons of Doom. On T:8436 you reached level 4 of Sokoban. On T:8681 you reached level 3 of Sokoban. On T:9212 you reached level 2 of Sokoban. On T:9560 you reached level 1 of Sokoban. On T:10631 you entered the Sokoban zoo. On T:11088 you reached level 10 of The Dungeons of Doom. On T:11387 you reached level 11 of The Dungeons of Doom. On T:11603 you reached level 12 of The Dungeons of Doom. On T:12034 you reached level 13 of The Dungeons of Doom. On T:12325 you reached level 14 of The Dungeons of Doom. On T:12572 you reached level 15 of The Dungeons of Doom. On T:12572 you entered the Rogue tribute level. On T:13229 you reached level 1 of The Quest. Score breakdown: Gold: 10603 ( 1060 points) Experience: 11 levels ( 1000 points) Exploration: 15 levels ( 420 points) Discoveries: 57 items ( 2000 points) Variety of kills: 119 monsters ( 2000 points) Major goal: Sokoban/Mines ( 1500 points) Survival: died (score multiplied by 3) Total score: 23940 Latest messages: The xorn claws you! (3x) The xorn bites! You hear some noises in the distance. You feel better. The large cat misses the xorn. The large cat bites the xorn. The xorn is killed! You hear a mumbled curse. You see here a red naga corpse. The xorn claws the large cat. The xorn misses the large cat. (3x) The large cat bites the xorn. The xorn claws the large cat. (3x) The xorn misses the large cat. The xorn claws you! (3x) The xorn bites! You strike the xorn! (2x) The xorn claws you! (3x) The xorn bites! You die... Final status: Goodbye Bacon the Monk, killed by a xorn... You died in The Quest on dungeon level 1 with 23940 points, and 10603 pieces of gold, after 13299 moves. You were level 11 with a maximum of 73 hit points when you died.